 Dungeon Crawl Stone Soup version 0.31-a0-177-g4aa6249778 (webtiles) character file.

Game seed: 605144817860985498

0 qw the Shooter (level 1, -1/19 HPs)
             Began as a Naga Hunter on June 18, 2023.
             Slain by a jackal (3 damage)
             ... on level 1 of the Dungeon.
             The game lasted 00:00:01 (18 turns).

qw the Shooter (Naga Hunter)                          Turns: 18, Time: 00:00:01

Health: -1/19      AC:  1    Str: 13    XL:     1   Next: 10%
Magic:  1/1        EV:  9    Int:  9    God:
Gold:   0          SH:  0    Dex: 14    Spells: 0/0 levels left

rFire   . . .        a - +0 shortbow
rCold   . . .        (shield currently unavailable)
rNeg    . . .        c - +0 leather armour
rPois   +            (no helmet)
rElec   .            (no cloak)
rCorr   .            (no gloves)
SInv    +            (no barding)
Will    .....        (no amulet)
Stlth   ++           (no ring)
HPRegen 0.23/turn    (no ring)
MPRegen 0.07/turn

%: no passive effects
@: short of breath, very slow
A: AC +0, large, see invisible, deformed body, poison resistance, slowness 2,
spit poison 1, naga tail 1
a: Spit Poison


You were on level 1 of the Dungeon.
You visited 1 branch of the dungeon, and saw 1 of its levels.


Innate Abilities, Weirdness & Mutations

Your serpentine skin is tough. (AC +0)
You have supernaturally acute eyesight. (SInv)
Armour fits poorly on your strangely shaped body.
Your system is resistant to poisons. (rPois)
You cover ground very slowly.
You can spit poison.
You have a snake-like lower body.


   Skills:
 - Level 2.0 Fighting
 + Level 3.6 Ranged Weapons
 - Level 1.5 Dodging
 - Level 1.5 Stealth


You couldn't memorise any spells.
You didn't know any spells.
Your spell library was empty.

Inventory:

Hand Weapons
 a - a +0 shortbow (weapon)
Armour
 c - a +0 leather armour (worn)
Scrolls
 b - a scroll of butterflies

Dungeon Overview and Level Annotations

Branches:
Dungeon (1/15)

Altars:


Message History

0 ||| PLANNING D:1-11
Found 3 stones.
A jackal comes into view.
The jackal barks!
A bat comes into view.
A jackal comes into view. x2
The jackal moves out of view.
12 ||| INVOKING Spit Poison.
Aiming: Spit Poison (3% risk of failure)
Press: ? - help, Shift-Dir - straight line, f - jackal The splash of poison misses the jackal.
A kobold comes into view. It is wielding a +0 dagger.
You shoot an arrow. The arrow completely misses the jackal.
The arrow closely misses the jackal.
The arrow closely misses the kobold.
The kobold shouts!
You hear a bark!
The bat barely misses you.
You shoot an arrow. The arrow misses the bat.
The arrow hits the jackal but does no damage.
The bat misses you. The jackal bites you.
You shoot an arrow.
The arrow hits the jackal but does no damage.
The bat hits you. The bat completely misses you. The jackal barely misses you.
The jackal bites you.
You shoot an arrow. The arrow barely misses the jackal.
The arrow closely misses the kobold.
You have got your breath back.
The bat barely misses you. The jackal bites you. x2
17 ||| INVOKING Spit Poison.
Aiming: Spit Poison (3% risk of failure)
Press: ? - help, Shift-Dir - straight line, f/p - jackal The splash of poison misses the jackal.
The splash of poison hits the kobold!
You kill the kobold!
The jackal closely misses you. The bat completely misses you.
The jackal bites you. x3; The jackal closely misses you.
You shoot an arrow. The arrow hits the jackal.
The jackal is almost dead.
The bat barely misses you. The jackal completely misses you. The bat hits you.
The jackal closely misses you. The jackal bites you.
The jackal closely misses you. The jackal bites you.
You die...

.... .... .....
##..... ......
##.).#
############hh..#
##...........@h..#
#.....~~~¤~..b...#
#....~~¤~~~~.....#
#<...~~(>(~¤.......#
#....~~~~~¤¤.....#.#
#.....¤¤~~¤......# #
##.....¤.........#
############.....


You could see 3 jackals and a bat.

Vanquished Creatures
  A kobold (D:1)
1 creature vanquished.

Notes
Turn   | Place    | Note
-------+----------+-------------------------------------------
     0 | D:1      | qw the Naga Hunter began the quest for the Orb.
     0 | D:1      | Reached XP level 1. HP: 19/19 MP: 1/1
     0 | D:1      | 0 ||| qw: Version: 0.3-a-5-g6f28e65
     0 | D:1      | 0 ||| qw: Game counter: 612
     0 | D:1      | 0 ||| qw: Always use a shield: true
     0 | D:1      | 0 ||| qw: God list: Okawaru
     0 | D:1      | 0 ||| qw: Allow faded altars: false
     0 | D:1      | 0 ||| qw: Do Orc after D:15 true
     0 | D:1      | 0 ||| qw: Do second Lair branch before Depths: true
     0 | D:1      | 0 ||| qw: Lair rune preference: random
     0 | D:1      | 0 ||| qw: Plans: Normal
     0 | D:1      | 0 ||| PLANNING D:1-11
    12 | D:1      | 12 ||| INVOKING Spit Poison.
    17 | D:1      | 17 ||| INVOKING Spit Poison.
    18 | D:1      | HP: 2/19 [jackal (3)]
    18 | D:1      | Slain by a jackal

Levels and vault maps discovered:
D:1:      lemuel_arrival_lava_pool, layout_basic,
          shapermc_ecumenical_altar_mp_vishouse

Action                     || total
---------------------------++-------
   Fire: Shortbow          ||     5
Ability: Spit Poison       ||     2
  Dodge: Dodged            ||    12

Table legend:
 A = Non-vault XP
 B = Vault XP
 C = Vault XP percentage of total XP
 D = Non-vault monster count
 E = Vault monster count
 F = Vault count percentage of total count
                 A         B        C        D         E       F
            +---------+---------+-------+---------+---------+-------
      Total |       1 |       0 |   0.0 |       1 |       0 |   0.0
            +---------+---------+-------+---------+---------+-------
        D:1 |       1 |       0 |   0.0 |       1 |       0 |   0.0
            +---------+---------+-------+---------+---------+-------
